 Dungeon Crawl Stone Soup version 0.24.1-8-ga250c9d538 (webtiles) character file.

Game seed: 12213044560794859775, levelgen mode: deterministic

51 Hugehornet the Changer (level 3, 0/23 HPs)
             Began as an Octopode Transmuter on May 2, 2020.
             Succumbed to an adder's poison
             ... on level 2 of the Dungeon.
             The game lasted 00:02:41 (1401 turns).

Hugehornet the Changer (Octopode Transmuter)        Turns: 1401, Time: 00:02:41

Health: 0/23       AC:  1    Str:  9    XL:     3   Next: 83%
Magic:  5/6        EV: 13    Int: 16    God:
Gold:   54         SH:  0    Dex: 12    Spells: 0/6 levels left

rFire    . . .     SeeInvis .     - Unarmed
rCold    + . .     Gourm    .   (no shield)
rNeg     . . .     Faith    .   (helmet restricted)
rPois    .         Spirit   .   (no amulet)
rElec    .         Reflect  .   d - ring of protection from cold
rCorr    .         Harm     .   (no ring)
MR       .....                  (no ring)
Stlth    ++........             (no ring)
HPRegen  0.07/turn              (no ring)
MPRegen  0.10/turn              (no ring)
                                (no ring)
                                (no ring)

@: lethally poisoned (0 -> -1), appendage
A: almost no armour, stealthy swim, amphibious, 8 rings, constrict 8, tentacle
spike 3, camouflage 1, gelatinous body 1
a: End Transformation


You were on level 2 of the Dungeon.
You were not hungry.
One of your tentacles had a temporary spike.
You visited 1 branch of the dungeon, and saw 2 of its levels.

You collected 54 gold pieces.

Inventory:

Missiles
 a - 33 arrows
Jewellery
 d - a ring of protection from cold (left tentacle)
Scrolls
 f - a scroll of teleportation
 g - 2 scrolls of identify
 i - a scroll of fear {unknown}
 j - a scroll of enchant weapon {unknown}
 k - a scroll of amnesia {unknown}
Potions
 b - a potion of agility
 e - 2 potions of curing {unknown}
 h - a potion of invisibility {unknown}
 l - a potion of flight {unknown}
 m - a potion of haste {unknown}
 o - a potion of lignification {unknown}
Comestibles
 c - a ration
 n - a chunk of flesh


   Skills:
 - Level 1.0 Fighting
 - Level 2.0 Dodging
 - Level 3.0 Unarmed Combat
 - Level 2.0 Spellcasting
 + Level 3.7 Transmutations
 * Level 1.4 Poison Magic


You couldn't memorise any spells.
You knew the following spells:

 Your Spells              Type           Power        Failure   Level  Hunger
a - Beastly Appendage     Tmut           ##....       4%          1    #......
b - Sticks to Snakes      Tmut           ##......     7%          2    ###....
c - Spider Form           Tmut/Pois      #.........   22%         3    ###....

Your spell library contained the following spells:

 Spells                   Type           Power        Failure   Level  Hunger
 Ice Form                 Ice/Tmut       #.......     67%         4    #####..
 Blade Hands              Tmut           ##........   77%         5    ######.


Dungeon Overview and Level Annotations

Branches:
Dungeon (2/15)

Altars:


Innate Abilities, Weirdness & Mutations

You cannot wear most types of armour.
You are very stealthy in the water. (Stealth+)
You are amphibious.
You can wear up to eight rings at the same time.
You can use your tentacles to constrict eight enemies at once.
Your skin changes colour to match your surroundings (Stealth+).
Your rubbery body absorbs attacks. (AC +1, EV +1)
One of your tentacles bears a large vicious spike.


Message History

You are too injured to fight recklessly!
You are too injured to fight recklessly!
You barely miss the adder. You grab the adder.
You pierce the adder.
The adder is moderately wounded.
You constrict the adder. The adder bites you.
You tentacle-slap the adder.
You pierce the adder, but do no damage.
The adder is moderately wounded.
You constrict the adder. The adder bites you.
* * * LOW HITPOINT WARNING * * *
You tentacle-slap the adder.
Your tentacle spike misses the adder.
The adder is severely wounded.
You constrict the adder. The adder bites you.
* * * LOW HITPOINT WARNING * * *
The adder bites you.
* * * LOW HITPOINT WARNING * * *
You tentacle-slap the adder but do no damage.
You pierce the adder.
You kill the adder!
Your Poison Magic skill increases to level 1!
You die...

##)##.#######
####..÷........#
.....#(........#
...............#
...(..)........#
...............# ##
................ ..#
...<...#..########..#
.......##...##Z†@...#
.......####..#%###.###
.......##....#†.......
.......##.....Z.......#
.....................?#
.......##.....#.......#
>.....###..$..........
. #...######.... #...#
....


You could see a leopard gecko skeleton.

Vanquished Creatures
  2 adders (D:2)
  A leopard gecko (D:2)
  2 ball pythons
  3 bats
  2 goblins (D:1)
  5 hobgoblins
  5 frilled lizards
  9 kobolds
  4 rats
33 creatures vanquished.

Notes
Turn   | Place    | Note
-------+----------+-------------------------------------------
     0 | D:1      | Hugehornet the Octopode Transmuter began the quest for the
                  | Orb.
     0 | D:1      | Reached XP level 1. HP: 13/13 MP: 3/3
   269 | D:1      | Reached XP level 2. HP: 10/18 MP: 3/5
  1300 | D:2      | Reached XP level 3. HP: 23/23 MP: 4/6
  1339 | D:2      | Learned a level 2 spell: Sticks to Snakes
  1343 | D:2      | Learned a level 3 spell: Spider Form
  1400 | D:2      | HP: 1/23 [adder (3)]
  1401 | D:2      | Reached skill level 1 in Poison Magic
  1401 | D:2      | Succumbed to an adder's poison

Levels and vault maps discovered:
D:1:      lordsloth_arrival_two_stooges, layout_loops_corners,
          minmay_misc_feat_tiny, serial_bayou_crossing
D:2:      minmay_alternating_diamond, layout_rooms

Skill      XL: |  1  2  3 |
---------------+----------+-----
Transmutations | 3 |  3.7
Poison Magic   | 1 |  1.4
Fighting       | |  1.0
Dodging        | |  2.0
Unarmed Combat | |  3.0
Spellcasting   | |  2.0

Action                   || total
-------------------------++-------
Melee: Unarmed           ||    61
       Constrict         ||    20
       Tentacles         ||     6
       Kick              ||    10
       Punch             ||     1
 Cast: Beastly Appendage ||    18
  Use: Scroll            ||     2
 Stab: Sleeping          ||     7
  Eat: Chunk             ||     2
Armor: Skin              ||     6
Dodge: Dodged            ||    23
